AoeStats
← Aux Anschluss

Baltic

510624468Analyzed
3v3 RM · 1d ago on Oct 1, 2026· 49m 55s· 6 players
Game mode
Random Map
Map size
Normal (6 player)
Population
200
Speed
Normal
Resources
Standard
Victory
Conquest
Starting age
Dark Age
Ending age
Imperial Age
RankedLock teamsTeams togetherTeam positionsShared explorationLock speedFull tech treeHidden civsTurbo modeCheats
Victory
Defeat
🇩🇪 Byzantines · Germany
936
+14
🇰🇷 Berbers · South Korea
887
+16
🇦🇷 Persians · Argentina
880
+16
🇦🇹 Slavs · Austria
1000
-66
🇦🇹 Varangians · Austria
826
-13
🇦🇹 Italians · Austria
814
-12
changlee8
0:35 Loom
14:47 Feudal Age
16:06 Horse Collar
16:12 Double-Bit Axe
16:32 Town Watch
17:10 Gold Mining
17:13 Stone Mining
24:17 Castle Age
23:13 Arson
23:22 Fletching
23:44 Forging
24:31 Padded Archer Armor
24:32 Scale Mail Armor
24:38 Scale Barding Armor
25:49 Town Patrol
26:26 Leather Archer Armor
25:43 Demolition Ship
27:18 Gold Shaft Mining
28:17 Medium Warships
30:59 Bodkin Arrow
32:02 Caravan
35:58 Imperial Age
34:38 Bow Saw
34:30 Heavy Plow
35:41 Iron Casting
35:23 Chain Mail Armor
36:40 Stone Shaft Mining
37:42 Chemistry
36:38 Murder Holes
37:52 Heavy Warships
38:03 Heavy Warships
39:05 Blast Furnace
38:06 Bracer
38:21 Elite Cannon Galleon
39:57 Wheelbarrow
41:18 Hand Cart
41:42 Maghrebi Camels
42:19 Hoardings
45:01 Elite Camel Archer
45:23 Heavy Demolition Ship
45:42 Pikeman
46:22 Squires
47:33 Ring Archer Armor
47:33 Plate Mail Armor
47:24 Chain Barding Armor
48:02 Husbandry
48:13 Bloodlines
47:26 Elite Skirmisher
48:32 Ballistics
48:23 Fortified Wall
48:39 Heavy Camel Rider
49:30 Kasbah
b1200
9:16 Loom
12:24 Feudal Age
13:10 Double-Bit Axe
15:39 Gold Mining
16:27 Wheelbarrow
16:30 Fishing Lines
26:59 Castle Age
24:46 Horse Collar
28:17 Medium Warships
29:44 Gillnets
30:14 Bow Saw
30:53 Gold Shaft Mining
30:30 Heavy Plow
31:23 Hand Cart
32:50 Husbandry
33:02 Forging
32:57 Scale Barding Armor
35:30 Imperial Age
34:30 Iron Casting
35:03 Chain Barding Armor
37:00 Heavy Warships
35:58 Cavalier
38:41 Chemistry
40:33 Paladin
43:15 Plate Barding Armor
juanppalacio
10:14 Feudal Age
11:04 Double-Bit Axe
13:41 Gold Mining
16:01 Wheelbarrow
17:46 Stone Mining
22:42 Castle Age
26:30 Medium Warships
31:54 Imperial Age
32:16 Hand Cart
33:57 Conscription
36:17 Chemistry
36:30 Elite Cannon Galleon
37:40 Bow Saw
37:54 Ballistics
37:39 Siphons
42:07 Elite Skirmisher
42:26 Pikeman
43:07 Squires
Chinese Trade Bot
7:10 Loom
9:21 Feudal Age
9:53 Double-Bit Axe
11:19 Horse Collar
16:41 Fishing Lines
22:55 Gold Mining
24:26 Fletching
28:31 Castle Age
27:15 Stone Mining
29:25 Medium Warships
29:32 Bodkin Arrow
30:03 Medium Warships
33:48 Wheelbarrow
39:10 Ballistics
39:03 Clinker Construction
41:52 Heavy Plow
42:27 Husbandry
42:38 Bloodlines
45:04 Imperial Age
42:51 Hand Cart
jakuf2008
12:24 Feudal Age
12:53 Horse Collar
21:34 Man-at-Arms
22:48 Fishing Lines
23:34 Double-Bit Axe
25:57 Wheelbarrow
28:28 Castle Age
27:59 Gold Mining
30:43 Bow Saw
30:41 Heavy Plow
30:09 Long Swordsman
36:08 Pikeman
Aux Anschluss
11:27 Feudal Age
24:00 Castle Age
23:38 Double-Bit Axe
23:39 Horse Collar
24:54 Padded Archer Armor
24:45 Fletching
25:02 Thumb Ring
24:18 Crossbowman
28:23 Leather Archer Armor
28:03 Bodkin Arrow
34:28 Medium Warships
38:21 Imperial Age
41:29 Arbalester
42:36 Forging
49:14 Ring Archer Armor
Connection lost

Rejoining the realm…

Still unreachable

The connection could not be restored.

Session expired

The server has moved on; the page needs a fresh start.